 Dungeon Crawl Stone Soup version 0.29-a0-419-g77450f2105 (webtiles) character file.

Game seed: 5811680404127581696

29147 Ijustatesigmund the Thaumaturge (level 13, -13/107 HPs)
             Began as a Gnoll Fire Elementalist on May 18, 2022.
             Was a Follower of Cheibriados.
             Mangled by an orc knight
             ... wielding a +0 glaive
              (14 damage)
             ... on level 1 of the Orcish Mines.
             The game lasted 01:01:38 (23286 turns).

Ijustatesigmund the Thaumaturge (GnFE)             Turns: 23286, Time: 01:01:39

Health: -13/107    AC: 17    Str:  9 (11) XL:     13   Next: 43%
Magic:  23/26      EV: 15    Int: 22      God:    Cheibriados [*.....]
Gold:   1731       SH: 12    Dex: 13 (14) Spells: 22/31 levels left

rFire   . . .      SeeInvis .   e - +1 war axe (vamp)
rCold   . . .      Faith    .   T - +1 buckler
rNeg    . . .      Spirit   .   a - +2 robe {Archmagi}
rPois   .          Reflect  +   (no helmet)
rElec   +          Harm     .   s - +1 cloak
rCorr   .          Rampage  .   y - +1 pair of gloves
Will    .....      Archmagi +   (no boots)
Stlth   ++++...... Clarity  +   k - amulet of reflection
HPRegen 0.27/turn               l - +4 ring of protection
MPRegen 0.20/turn               t - +4 ring of protection

@: mighty, very slow
A: fangs 1, strong nose, distributed training, clarity, clumsy 1, robust 1,
electricity resistance, MP-powered wands
a: Renounce Religion, Bend Time


You were on level 1 of the Orcish Mines.
You worshipped Cheibriados.
Cheibriados was aware of your devotion.
You visited 4 branches of the dungeon, and saw 16 of its levels.

You collected 2040 gold pieces.
You spent 309 gold pieces at shops.

Inventory:

Hand Weapons
 e - a +1 vampiric war axe (weapon)
 D - a +2 flail of protection
Missiles
 q - 4 throwing nets
Armour
 a - a +2 robe of the Archmagi (worn)
 h - a +0 troll leather armour
 s - a +1 cloak (worn)
 y - a +1 pair of gloves (worn)
 K - +0 swamp dragon scales
 T - a +1 buckler (worn)
Magical Staves
 j - a staff of conjuration
Jewellery
 k - an amulet of reflection (around neck)
 l - a +4 ring of protection (left hand)
 n - an amulet of magic regeneration
 t - a +4 ring of protection (right hand)
 A - a ring of protection from cold
 H - an amulet of regeneration
 J - a ring of fire
 P - a ring of protection from cold
Wands
 i - a wand of iceblast (7)
 x - a wand of digging (8)
 G - a wand of flame (22)
 O - a wand of polymorph (4)
Scrolls
 c - 3 scrolls of silence
 m - a scroll of teleportation
 w - 4 scrolls of poison
 z - a scroll of vulnerability
 B - a scroll of fog
 M - a scroll of amnesia
 N - 3 scrolls of identify
Potions
 b - 2 potions of magic
 d - 6 potions of curing
 f - 5 potions of attraction
 o - a potion of cancellation
 p - a potion of ambrosia
 u - a potion of heal wounds
 E - 2 potions of haste
 I - a potion of brilliance {unknown}
 L - a potion of degeneration {unknown}
 Q - 3 potions of mutation
 S - 2 potions of lignification
Miscellaneous
 R - a condenser vane


   Skills:
 + Level 8.3 Fighting
 + Level 8.3 Short Blades
 + Level 8.3 Long Blades
 + Level 8.3 Axes
 + Level 8.3 Maces & Flails
 + Level 8.3 Polearms
 + Level 8.3 Staves
 + Level 8.3 Slings
 + Level 8.3 Bows
 + Level 8.3 Crossbows
 + Level 8.3 Throwing
 + Level 8.3 Armour
 + Level 9.5 Dodging
 + Level 9.3 Stealth
 + Level 8.3 Shields
 + Level 8.3 Unarmed Combat
 + Level 9.7 Spellcasting
 + Level 7.2 Conjurations
 + Level 6.9 Hexes
 + Level 6.9 Summonings
 + Level 6.9 Necromancy
 + Level 6.9 Translocations
 + Level 6.9 Transmutations
 + Level 8.9 Fire Magic
 + Level 6.9 Ice Magic
 + Level 6.9 Air Magic
 + Level 6.9 Earth Magic
 + Level 6.9 Poison Magic
 + Level 9.1 Invocations
 + Level 8.3 Evocations


You had 22 spell levels left.
You knew the following spells:

 Your Spells              Type           Power      Damage    Failure   Level
a - Foxfire               Conj/Fire      100%       2x1d9     1%          1
b - Scorch                Fire           100%       2d10      1%          2
c - Flame Wave            Conj/Fire      62%        2d12      2%          4
d - Blink                 Tloc           100%       N/A       1%          2

Your spell library contained the following spells:

 Spells                   Type           Power      Damage    Failure   Level
 Summon Small Mammal      Summ           100%       N/A       1%          1
 Ensorcelled Hibernation  Hex/Ice        100%       N/A       1%          2
 Passwall                 Tmut/Erth      48%        N/A       1%          2
 Call Canine Familiar     Summ           58%        N/A       1%          3
 Confusing Touch          Hex            58%        N/A       1%          3
 Conjure Flame            Conj/Fire      62%        6-21      1%          3
 Inner Flame              Hex/Fire       62%        N/A       1%          3
 Spider Form              Tmut/Pois      58%        N/A       1%          3
 Summon Guardian Golem    Hex/Summ       58%        N/A       1%          3
 Swiftness                Air            58%        N/A       1%          3
 Tukima's Dance           Hex            58%        N/A       1%          3
 Anguish                  Hex/Necr       29%        N/A       4%          4
 Olgreb's Toxic Radiance  Pois           58%        N/A       4%          4
 Passage of Golubria      Tloc           58%        N/A       4%          4
 Blade Hands              Tmut           29%        N/A       12%         5
 Irradiate                Conj/Tmut      29%        3d23      12%         5
 Manifold Assault         Tloc           58%        N/A       12%         5
 Yara's Violent Unravell  Hex/Tmut       29%        3d12      12%         5
 Dragon Form              Tmut           29%        N/A       98%         7
 Enfeeble                 Hex            29%        N/A       98%         7
 Ozocubu's Refrigeration  Ice            29%        4d10      98%         7
 Storm Form               Tmut/Air       29%        N/A       98%         7
 Ignition                 Fire           33%        3d10      100%        8


Dungeon Overview and Level Annotations

Branches:
Dungeon (13/15)            Temple (1/1) D:4            Lair (1/6) D:8
    Orc (1/2) D:9
 Vaults: D:13-14

Altars:
Ashenzari
Cheibriados
Dithmenos
Elyvilon
Fedhas
Gozag
Hepliaklqana
Kikubaaqudgha
Makhleb
Nemelex Xobeh
Okawaru
Qazlal
Ru
Sif Muna
Trog
Uskayaw
Vehumet
Wu Jian
Xom
Yredelemnul
Zin
The Shining One

Shops:
D:9 *   D:12 [

Portals:
Trove: D:11 (give 9 potions of haste)


Innate Abilities, Weirdness & Mutations

You have very sharp teeth.
Your uncanny sense of smell can sniff out nearby items.
Your experience applies equally to all skills.
You possess an exceptional clarity of mind.
You are clumsy. (Dex -2)
You are robust. (+10% HP)
You are resistant to electric shocks. (rElec)
You expend magic power (3 MP) to strengthen your wands.


Message History

* * * LOW HITPOINT WARNING * * *
You block the orc knight's attack.
As you read the scroll of fear, it crumbles to dust.
You assume a fearsome visage.
The orc knight easily resists.
The orc warrior looks frightened!
The warg looks frightened!
You block the orc knight's attack.
Okay, then.
You feel much better.
The orc knight hits you from afar with a +0 glaive.
* * * LOW HITPOINT WARNING * * *
You feel very mighty all of a sudden.
The orc warrior no longer looks unusually strong.
You block the orc knight's attack. The orc knight misses you.
Things that are here:
a +0 dagger; a +0 robe; an orc corpse You hit the orc knight but do no damage.
Your bite misses the orc knight.
The orc knight is lightly wounded.
You block the orc knight's attack.
You hit the orc knight but do no damage.
The orc knight is lightly wounded.
The orc knight roars a battlecry!
The orc warrior goes into a battle-frenzy!
You block the orc knight's attack.
You barely miss the orc knight.
The orc knight is lightly wounded.
The orc knight misses you.
You hit the orc knight.
The orc knight is lightly wounded.
You block the orc knight's attack.
You barely miss the orc knight.
The orc knight is lightly wounded.
Cornered, the orc warrior turns to fight!
The orc knight hits you with a +0 glaive!!
* * * LOW HITPOINT WARNING * * *
You barely miss the orc knight.
The orc knight is lightly wounded.
The orc knight hits you with a +0 glaive!
You die...

...##..##### ..........#.
##.......o....
#.....#.......
#.......#..##.
##).....#.....
#..o.......... ∆ ###
##..@.)..#....∆
##.###...).).......
##...#..............
##.#..........>.....### ####
#....................#.##.#.
##.##.##....................
##...##....................
#.....##...................
##...####...........#......


You could see an orc knight and an orc warrior (strong).

Vanquished Creatures
  An azure jelly (shapeshifter) (D:12)
  2 boulder beetles
  3 hydras
  8 two-headed ogres
  2 death yaks (Lair:1)
  An orc knight (D:10)
  A deep elf pyromancer (D:12)
  3 ugly things
  A manticore (D:11)
  Joseph (Lair:1)
  Maurice (D:9)
  4 cane toads (Lair:1)
  3 gargoyles
  2 unseen horrors
  A yaktaur (D:10)
  Maggie (D:9)
  2 komodo dragons
  2 hornets
  7 trolls
  5 slime creatures (D:12)
  A wyvern (D:10)
  A wraith (D:8)
  12 yaks
  A shadow (D:9)
  2 vampires
  2 water elementals (D:11)
  2 basilisks
  4 vampire mosquitoes
  3 acid dragons
  3 water moccasins
  10 orc warriors
  A black bear (D:5)
  A sky beast (D:7)
  3 ogres
  5 ice beasts
  4 centaurs
  3 phantoms (D:6)
  2 gnoll sergeants
  3 kobold brigands
  4 necrophages
  2 bullfrogs
  3 scorpions
  8 wights
  11 killer bees
  8 howler monkeys
  7 electric eels (D:11)
  6 hounds
  4 orc priests
  2 iguanas
  12 orc wizards
  3 adders
  13 gnolls
  3 white imps
  2 worms (D:3)
  3 dart slugs
  40 orcs
  6 bats
  5 endoplasms
  3 giant cockroaches
  7 goblins
  8 hobgoblins
  9 jackals
  2 quokkas
  7 ball pythons
  4 frilled lizards
  19 kobolds
  4 rats
  6 bushes (D:5)
325 creatures vanquished.

Vanquished Creatures (collateral kills)
  A troll (D:10)
  A killer bee (D:11)
  2 foxfires (D:5)
4 creatures vanquished.

Vanquished Creatures (others)
  A boulder beetle (D:10)
  382 foxfires
  2 fungi (Lair:1)
  14 plants (D:5)
399 creatures vanquished.

Grand Total: 728 creatures vanquished

Notes
Turn   | Place    | Note
-------+----------+-------------------------------------------
     0 | D:1      | Ijustatesigmund the Gnoll Fire Elementalist began the quest
                  | for the Orb.
     0 | D:1      | Reached XP level 1. HP: 13/13 MP: 6/6
   104 | D:1      | Reached XP level 2. HP: 4/20 MP: 4/7
   620 | D:1      | Learned a level 2 spell: Scorch
  1084 | D:1      | Reached XP level 3. HP: 23/25 MP: 9/9
  1116 | D:1      | Reached skill level 5 in Spellcasting
  1688 | D:2      | Reached skill level 1 in Invocations
  2065 | D:2      | Found a faded altar of an unknown god.
  2480 | D:3      | Reached skill level 1 in Fighting
  2480 | D:3      | Reached skill level 1 in Short Blades
  2480 | D:3      | Reached skill level 1 in Long Blades
  2480 | D:3      | Reached skill level 1 in Axes
  2480 | D:3      | Reached skill level 1 in Maces & Flails
  2480 | D:3      | Reached skill level 1 in Polearms
  2480 | D:3      | Reached skill level 1 in Staves
  2480 | D:3      | Reached skill level 1 in Slings
  2480 | D:3      | Reached skill level 1 in Bows
  2480 | D:3      | Reached skill level 1 in Crossbows
  2480 | D:3      | Reached skill level 1 in Throwing
  2480 | D:3      | Reached skill level 1 in Armour
  2480 | D:3      | Reached skill level 1 in Shields
  2480 | D:3      | Reached skill level 1 in Unarmed Combat
  2480 | D:3      | Reached skill level 1 in Evocations
  2630 | D:3      | Reached XP level 4. HP: 32/32 MP: 11/11
  3091 | D:3      | Reached skill level 1 in Hexes
  3091 | D:3      | Reached skill level 1 in Summonings
  3091 | D:3      | Reached skill level 1 in Necromancy
  3091 | D:3      | Reached skill level 1 in Translocations
  3091 | D:3      | Reached skill level 1 in Transmutations
  3091 | D:3      | Reached skill level 1 in Ice Magic
  3091 | D:3      | Reached skill level 1 in Air Magic
  3091 | D:3      | Reached skill level 1 in Earth Magic
  3091 | D:3      | Reached skill level 1 in Poison Magic
  3143 | D:3      | Identified the +3 scale mail "Daplu" {rElec rPois}
  3455 | D:4      | Found a white marble altar of Elyvilon.
  3509 | D:4      | Noticed a scorpion
  3516 | D:4      | Reached XP level 5. HP: 33/37 MP: 12/12
  3543 | D:4      | Reached XP level 6. HP: 41/44 MP: 13/13
  3638 | D:4      | Found a staircase to the Ecumenical Temple.
  3806 | D:4      | Reached skill level 5 in Dodging
  3811 | D:4      | Learned a level 4 spell: Flame Wave
  3966 | D:4      | Learned a level 2 spell: Blink
  4423 | D:5      | Entered Level 5 of the Dungeon
  4533 | D:5      | Reached XP level 7. HP: 47/50 MP: 10/15
  5275 | D:6      | Reached skill level 5 in Stealth
  5619 | D:6      | Reached XP level 8. HP: 50/57 MP: 4/16
  7006 | D:5      | Identified a scroll of acquirement
  7006 | D:5      | Acquired 915 gold pieces
  7143 | D:6      | Reached XP level 9. HP: 42/65 MP: 9/18
  8694 | D:7      | Reached skill level 5 in Invocations
  9263 | D:8      | Reached XP level 10. HP: 73/73 MP: 14/20
  9372 | D:8      | Found a staircase to the Lair.
  9569 | D:8      | Reached skill level 5 in Fighting
  9569 | D:8      | Reached skill level 5 in Short Blades
  9569 | D:8      | Reached skill level 5 in Long Blades
  9569 | D:8      | Reached skill level 5 in Axes
  9569 | D:8      | Reached skill level 5 in Maces & Flails
  9569 | D:8      | Reached skill level 5 in Polearms
  9569 | D:8      | Reached skill level 5 in Staves
  9569 | D:8      | Reached skill level 5 in Slings
  9569 | D:8      | Reached skill level 5 in Bows
  9569 | D:8      | Reached skill level 5 in Crossbows
  9569 | D:8      | Reached skill level 5 in Throwing
  9569 | D:8      | Reached skill level 5 in Armour
  9569 | D:8      | Reached skill level 5 in Shields
  9569 | D:8      | Reached skill level 5 in Unarmed Combat
  9569 | D:8      | Reached skill level 5 in Evocations
 10280 | D:9      | Noticed a two-headed ogre
 10291 | D:9      | Killed a two-headed ogre
 10347 | D:9      | Reached skill level 5 in Conjurations
 10661 | D:9      | Found Hiobb's Assorted Antiques.
 10741 | D:9      | Bought a wand of charming (7) for 64 gold pieces
 10741 | D:9      | Bought a scroll of teleportation for 96 gold pieces
 10741 | D:9      | Bought a fizzy brown potion for 28 gold pieces
 10745 | D:9      | Gained mutation: You expend magic power (3 MP) to
                  | strengthen your wands. [potion of mutation]
 10745 | D:9      | Gained mutation: Armour fits poorly on your strangely
                  | shaped body. [potion of mutation]
 10745 | D:9      | Gained mutation: You are resistant to electric shocks.
                  | (rElec) [potion of mutation]
 10745 | D:9      | Gained mutation: You have hidden genetic potential. [potion
                  | of mutation]
 10746 | D:9      | Lost mutation: Armour fits poorly on your strangely shaped
                  | body. [potion of mutation]
 10746 | D:9      | Lost mutation: You have hidden genetic potential. [potion
                  | of mutation]
 10746 | D:9      | Gained mutation: You are clumsy. (Dex -2) [potion of
                  | mutation]
 10746 | D:9      | Gained mutation: You possess an exceptional clarity of
                  | mind. [potion of mutation]
 10746 | D:9      | Gained mutation: You are robust. (+10% HP) [potion of
                  | mutation]
 10793 | D:9      | Found a staircase to the Orcish Mines.
 10867 | D:9      | Noticed Maurice
 10877 | D:9      | Killed Maurice
 11472 | D:10     | Entered Level 10 of the Dungeon
 11472 | D:10     | Noticed Maggie
 11479 | D:10     | Noticed a two-headed ogre
 11490 | D:9      | Killed Maggie
 11882 | D:10     | Noticed a two-headed ogre
 11892 | D:10     | Killed a two-headed ogre
 11893 | D:10     | Reached XP level 11. HP: 89/89 MP: 12/22
 11975 | D:10     | Noticed an orc knight
 11990 | D:10     | Killed an orc knight
 12020 | D:10     | Reached skill level 5 in Hexes
 12020 | D:10     | Reached skill level 5 in Summonings
 12020 | D:10     | Reached skill level 5 in Necromancy
 12020 | D:10     | Reached skill level 5 in Translocations
 12020 | D:10     | Reached skill level 5 in Transmutations
 12020 | D:10     | Reached skill level 5 in Ice Magic
 12020 | D:10     | Reached skill level 5 in Air Magic
 12020 | D:10     | Reached skill level 5 in Earth Magic
 12020 | D:10     | Reached skill level 5 in Poison Magic
 12066 | D:10     | Noticed a boulder beetle
 12074 | D:10     | Killed a two-headed ogre
 12345 | D:10     | Paralysed by a hornet for 2 turns
 12604 | D:10     | Identified the +2 chain mail of the Beginning {Fly}
 14530 | D:11     | Found a portal to a secret trove of treasure.
 14537 | D:11     | Noticed a manticore
 14546 | D:11     | Killed a manticore
 14696 | D:11     | Noticed a two-headed ogre
 14698 | D:11     | Noticed a two-headed ogre
 14699 | D:11     | Noticed a two-headed ogre
 14700 | D:11     | Noticed a two-headed ogre
 14703 | D:11     | Noticed a white ugly thing
 14704 | D:11     | Noticed a six-headed hydra
 14705 | D:11     | Noticed a two-headed ogre
 15029 | D:11     | Noticed a boulder beetle
 15045 | D:11     | Killed a boulder beetle
 15117 | D:11     | Noticed a boulder beetle
 15220 | D:11     | Reached XP level 12. HP: 61/97 MP: 24/24
 15388 | D:11     | Killed a two-headed ogre
 15988 | D:11     | Killed a six-headed hydra
 16054 | D:11     | Killed a two-headed ogre
 16236 | D:11     | Killed a two-headed ogre
 16582 | D:11     | Killed a two-headed ogre
 16908 | D:11     | Killed a two-headed ogre
 17811 | D:10     | Killed a boulder beetle
 18131 | Temple   | Entered the Ecumenical Temple
 18196 | Temple   | Became a worshipper of Cheibriados the Contemplative
 18317 | Lair:1   | Entered Level 1 of the Lair of Beasts
 18413 | Lair:1   | Noticed an eight-headed hydra
 18431 | Lair:1   | Killed an eight-headed hydra
 18866 | Lair:1   | Noticed Joseph
 18877 | Lair:1   | Killed Joseph
 18888 | Lair:1   | HP: 5/101 [poisoned by a cane toad]
 18905 | Lair:1   | Noticed a death yak
 18909 | Lair:1   | Noticed a death yak
 18910 | Lair:1   | Noticed a death yak
 19312 | Lair:1   | Noticed a death yak
 19319 | Lair:1   | Noticed a death yak
 19328 | Lair:1   | Killed a death yak
 19329 | Lair:1   | Reached XP level 13. HP: 96/107 MP: 19/26
 19993 | Lair:1   | Found a broken altar of Ashenzari.
 20484 | D:12     | Found Siuduow's Antique Armour Shop.
 20487 | D:12     | Bought a buckler for 121 gold pieces
 20536 | D:12     | Reached * piety under Cheibriados
 21854 | D:12     | Noticed a quicksilver ooze
 22241 | D:12     | Noticed an azure jelly
 22245 | D:12     | Killed an azure jelly
 22752 | D:12     | Identified the +5 long sword "Moduv" {freeze, Str-2 Dex+6
                  | Stlth+}
 23131 | Orc:1    | Entered Level 1 of the Orcish Mines
 23285 | Orc:1    | HP: 1/107 [orc knight/+0 glaive (30)]
 23286 | Orc:1    | Mangled by an orc knight

Illustrated notes

Levels and vault maps discovered:
D:1:      dpeg_arrival_round_c, layout_loops_corners
D:2:      layout_loops_ring, dreamdust_ecumenical_altar_angels_and_demons,
          serial_bayou_lake_a
D:3:      layout_loops_ring, wander_ebering_terrifying_dragon_lair
D:4:      minmay_spotlight, layout_loops_cross, elyvilon_altar_4,
          minmay_temple_entry_drinking_statues, minmay_misc_feat_columns
D:5:      layout_basic, lexackson_kobold_supper
D:6:      layout_loops_cross, kennysheep_generic_room_6
D:7:      layout_basic
D:8:      layout_basic, lair_entry_dummy
D:9:      layout_loops_ring, orc_0_dummy, nicolae_stop_n_shop_2, uniq_maurice
D:10:     layout_loops_corners, minmay_pinched_square, uniq_maggie
D:11:     minmay_four_partial_circles, layout_basic, enter_trove_2
D:12:     layout_gridville, serial_shops, nicolae_stop_n_shop_2
D:13:     layout_big_octagon, hangedman_vaults_entry_quadrant_bands,
          minmay_unpleasant_kobolds
Temple:   grunt_wide_crystal_templ
Lair:1:   layout_cave_shapes, basic_altar, chequers_serial_rivers_small_3,
          uniq_joseph
Orc:1:    layout_caves, nicolae_volcano_entry_batcave, nicolae_orc_crystal_geode

Skill      XL: |  1  2  3  4  5  6  7  8  9 10 11 12 13 |
---------------+----------------------------------------+-----
Conjurations   | 2 3 4 5 6 7 |  7.2
Spellcasting   | 5 6 7 8 9 |  9.7
Invocations    | 1 2 3 4 5 6 7 8 9 |  9.1
Fighting       | 1 2 3 4 5 6 7 8 |  8.3
Short Blades   | 1 2 3 4 5 6 7 8 |  8.3
Long Blades    | 1 2 3 4 5 6 7 8 |  8.3
Axes           | 1 2 3 4 5 6 7 8 |  8.3
Maces & Flails | 1 2 3 4 5 6 7 8 |  8.3
Polearms       | 1 2 3 4 5 6 7 8 |  8.3
Staves         | 1 2 3 4 5 6 7 8 |  8.3
Slings         | 1 2 3 4 5 6 7 8 |  8.3
Bows           | 1 2 3 4 5 6 7 8 |  8.3
Crossbows      | 1 2 3 4 5 6 7 8 |  8.3
Throwing       | 1 2 3 4 5 6 7 8 |  8.3
Armour         | 1 2 3 4 5 6 7 8 |  8.3
Shields        | 1 2 3 4 5 6 7 8 |  8.3
Unarmed Combat | 1 2 3 4 5 6 7 8 |  8.3
Evocations     | 1 2 3 4 5 6 7 8 |  8.3
Hexes          | 1 2 3 4 5 6 |  6.9
Summonings     | 1 2 3 4 5 6 |  6.9
Necromancy     | 1 2 3 4 5 6 |  6.9
Translocations | 1 2 3 4 5 6 |  6.9
Transmutations | 1 2 3 4 5 6 |  6.9
Ice Magic      | 1 2 3 4 5 6 |  6.9
Air Magic      | 1 2 3 4 5 6 |  6.9
Earth Magic    | 1 2 3 4 5 6 |  6.9
Poison Magic   | 1 2 3 4 5 6 |  6.9
Dodging        | 5 6 7 8 9 |  9.5
Stealth        | 5 6 7 8 9 |  9.3
Fire Magic     | 6 7 8 |  8.9

Action                   |  1- 3 |  4- 6 |  7- 9 | 10-12 | 13-15 || total
-------------------------+-------+-------+-------+-------+-------++-------
Melee: Dagger            |    32 |       |       |       |       ||    32
       Hand axe          |    22 |    44 |   165 |     3 |       ||   234
       Bite              |     3 |     5 |    23 |    29 |    39 ||    99
       Punch             |       |       |     4 |       |       ||     4
       Battleaxe         |       |       |       |   219 |    16 ||   235
       Flail             |       |       |       |    19 |    72 ||    91
       War axe           |       |       |       |       |    84 ||    84
 Cast: Foxfire           |    26 |    60 |    41 |    81 |    25 ||   233
       Scorch            |       |     7 |    33 |    25 |     7 ||    72
       Blink             |       |     1 |       |     1 |     3 ||     5
       Flame Wave        |       |       |    13 |    44 |    16 ||    73
Evoke: Wand              |       |     2 |     2 |    44 |     6 ||    54
       Condenser vane    |       |       |       |     1 |       ||     1
  Use: Scroll            |     4 |     9 |     5 |    15 |     7 ||    40
       Potion            |     1 |     1 |     1 |     6 |     4 ||    13
 Stab: Sleeping          |     7 |     2 |     7 |     1 |     2 ||    19
       Paralysed         |       |       |       |    24 |       ||    24
Armor: Robe              |    15 |    19 |    57 |   171 |    95 ||   357
Dodge: Dodged            |    49 |    49 |   150 |   284 |   151 ||   683
Block: Other             |     3 |    11 |    48 |   105 |     4 ||   171
       Reflection        |       |       |     1 |     5 |     2 ||     8
       Buckler           |       |       |       |       |   108 ||   108

Table legend: (Time is in decaauts)
 A = Elapsed time spent in this place.
 B = Non-inter-level travel time spent in this place.
 C = Inter-level travel time spent in this place.
 D = Time resting spent in this place.
 E = Time spent auto-exploring this place.
 F = Levels seen in this place.
 G = Mean time per level.
                   A        B        C        D        E       F      G
               +--------+--------+--------+--------+--------+-----+--------+
         Total |  24064 |  22998 |   1066 |   8492 |  11116 |  16 | 1504.0 |
       Dungeon |  21647 |  20595 |   1052 |   7515 |  10104 |  13 | 1665.2 |
        Temple |     75 |     65 |     10 |      0 |     37 |   1 |   75.0 |
          Lair |   2142 |   2139 |      3 |    977 |    843 |   1 | 2142.0 |
  Orcish Mines |    198 |    198 |      0 |      0 |    131 |   1 |  198.0 |
               +--------+--------+--------+--------+--------+-----+--------+

Top non-repeatable levels by time:
    D:11: 3921 daAuts
    D:10: 2710 daAuts
    D:12: 2504 daAuts
  Lair:1: 2142 daAuts
     D:5: 2069 daAuts
     D:9: 1740 daAuts
     D:1: 1680 daAuts
     D:6: 1582 daAuts
     D:7: 1454 daAuts
     D:8: 1152 daAuts
     D:4: 1017 daAuts
     D:3: 970 daAuts
     D:2: 824 daAuts
   Orc:1: 198 daAuts
  Temple: 75 daAuts
